 Dungeon Crawl Stone Soup version 0.19-a0-1492-gce1cc90 (webtiles) character file.

4841 Ooaix the Geomancer (level 10, -18/57 HPs)
             Began as a Gargoyle Earth Elementalist on Sept 9, 2016.
             Was a Believer of Vehumet.
             Demolished by a phantasmal warrior (27 damage)
             ... led by a death knight
             ... on level 10 of the Dungeon.
             The game lasted 00:26:26 (9018 turns).

Ooaix the Geomancer (Gargoyle Earth Elementalist)   Turns: 9018, Time: 00:26:26

Health: -18/57     AC: 22    Str: 12    XL:     10   Next: 49%
Magic:  18/22      EV: 12    Int: 25    God:    Vehumet [**....]
Gold:   413        SH:  0    Dex: 12    Spells: 3 memorised, 17 levels left

rFire  . . .     SeeInvis +     u - +5 trident of Lulev {elec, +Inv rElec rC- Int+5}
rCold  x . .     Gourm    .     r - +5 ring mail of Rucekk {Str+3}
rNeg   + . .     Faith    .     (no shield)
rPois  ∞         Spirit   .     f - +0 helmet
rElec  +         Dismiss  .     H - +2 cloak {rPois}
rCorr  .         Reflect  .     (no gloves)
MR     +....     Harm     .     (no boots)
Stlth  +.........               l - amulet of Zipnurae {RegenMP rPois Str-2 SInv}
                                q - ring of protection from magic
                                (no ring)

@: no status effects
A: agile 1, blink, negative energy resistance 1, electricity resistance, wild
magic 1, unbreathing, petrification resistance, rot immunity, sturdy frame 1, AC
+7
a: Blink, Renounce Religion, Evoke Invisibility


You were on level 10 of the Dungeon.
You worshipped Vehumet.
Vehumet was pleased with you.
You were hungry.

You visited 2 branches of the dungeon, and saw 11 of its levels.
You also visited: Sewer.

You collected 413 gold pieces.

Inventory:

Hand Weapons
 i - the +10 trident of Trauma {pierce, Int+3}
   (You found it on level 6 of the Dungeon)

   It inflicts extra damage upon your enemies.
   It affects your intelligence (+3).
 u - the +5 trident of Lulev (weapon) {elec, +Inv rElec rC- Int+5}
   (You found it in a sewer)

   Occasionally, upon striking a foe, it will discharge some electrical energy
   and cause terrible harm.
   It affects your intelligence (+5).
   It makes you vulnerable to cold.
   It insulates you from electricity.
   It lets you turn invisible.
Missiles
 b - 224 stones (quivered)
Armour
 f - a +0 helmet (worn)
 j - a +1 robe of cold resistance
 r - the +5 ring mail of Rucekk (worn) {Str+3}
   (You found it on level 4 of the Dungeon)

   It affects your strength (+3).
 H - a +2 cloak of poison resistance (worn)
Jewellery
 l - the amulet of Zipnurae (around neck) {RegenMP rPois Str-2 SInv}
   (You found it on level 6 of the Dungeon)

   [amulet of magic regeneration]

   It increases your magic regeneration.
   It affects your strength (-2).
   It protects you from poison.
   It lets you see invisible.
 q - a ring of protection from magic (right hand)
Wands
 a - a wand of enslavement (1/24)
 m - a wand of iceblast (5/15)
 n - a wand of lightning (7/15)
 p - a wand of disintegration (24/24)
 v - a wand of paralysis (7/24)
 C - a wand of iceblast (7/15)
Scrolls
 k - a scroll of remove curse
 t - a scroll of blinking
 y - 2 scrolls of magic mapping
 D - 3 scrolls of immolation
 F - a scroll of fog
 I - a scroll of enchant weapon
Potions
 g - 2 potions of berserk rage {unknown}
 h - a potion of brilliance {unknown}
 s - 2 potions of flight
 x - 4 potions of heal wounds
 z - 3 potions of agility
 A - a potion of lignification {unknown}
 E - 2 potions of curing {unknown}
 K - a potion of haste {unknown}
 N - a potion of magic {unknown}
Books
 c - a Grand Grimoire

   Spells                             Type                      Level
   a - Monstrous Menagerie            Summoning                    7
   b - Summon Greater Demon           Summoning                    7
   c - Malign Gateway                 Summoning/Translocation      7
   d - Summon Horrible Things         Summoning                    8
 e - a book of Geomancy

   Spells                             Type                      Level
   a - Sandblast                      Earth                        1
   b - Passwall                       Transmutation/Earth          2
   c - Stone Arrow                    Conjuration/Earth            3
   d - Petrify                        Transmutation/Earth          4
   e - Lee's Rapid Deconstruction     Earth                        5
 G - a book of Callings

   Spells                             Type                      Level
   a - Summon Small Mammal            Summoning                    1
   b - Call Imp                       Summoning                    2
   c - Call Canine Familiar           Summoning                    3
   d - Summon Guardian Golem          Hexes/Summoning              3
   e - Summon Lightning Spire         Summoning/Air                4
   f - Summon Ice Beast               Ice/Summoning                4
 M - a book of Unlife

   Spells                             Type                      Level
   a - Recall                         Summoning/Translocation      3
   b - Animate Dead                   Necromancy                   4
   c - Control Undead                 Necromancy                   4
   d - Cigotuvi's Embrace             Necromancy                   5
   e - Death Channel                  Necromancy                   6
   f - Simulacrum                     Ice/Necromancy               6
Comestibles
 d - 5 bread rations
 o - 10 fruits
 w - a slice of pizza
 B - 3 meat rations
 J - 2 beef jerkies


   Skills:
 + Level 4.2 Fighting
 + Level 3.4 Polearms
 + Level 3.8 Armour
 + Level 3.6 Dodging
 - Level 2.1 Stealth
 * Level 8.7 Spellcasting
 + Level 6.6 Conjurations
   Level 0.7 Transmutations
 + Level 8.7 Earth Magic


You had 17 spell levels left.
You knew the following spells:

 Your Spells              Type           Power        Failure   Level  Hunger
a - Sandblast             Erth           ######       1%          1    None
b - Stone Arrow           Conj/Erth      ######       2%          3    None
c - Lee's Rapid Deconstr  Erth           ######....   14%         5    ####...


Dungeon Overview and Level Annotations

Branches:
Dungeon (10/15)            Temple (1/1) D:4            Lair (0/6) D:9
    Orc: D:9-12

Altars:
Ashenzari
Cheibriados
Dithmenos
Elyvilon
Fedhas
Gozag
Hepliaklqana
Kikubaaqudgha
Makhleb
Nemelex Xobeh
Okawaru
Qazlal
Ru
Sif Muna
Trog
Uskayaw
Vehumet
Xom
Yredelemnul
Zin
The Shining One

Shops:
D:8 [


Innate Abilities, Weirdness & Mutations

You are resistant to torment.
Your stone body is resilient. (AC +7)
You are immune to poison.
You resist negative energy. (rN+)
You are resistant to electric shocks. (rElec)
You can survive without breathing.
You are immune to petrification.
You are immune to rotting.
You are agile. (Dex +2)
You can translocate small distances at will.
Your spells are a little harder to cast, but a little more powerful.
Your movements are slightly less encumbered by armour. (ER -2)


Message History

You feel yourself speed up.
The phantasmal warrior blinks!
Casting: Stone Arrow
Confirm with . or Enter, or press ? or * to list all spells.
Aiming: Lee's Rapid Deconstruction
Press: ? - help, Dir - move target cursor That beam is likely to hit you.
Continue anyway?
The wall shatters!
The blast of rock fragments hits the freezing wraith.
The freezing wraith is severely damaged.
The blast of rock fragments hits the death knight.
The death knight is lightly wounded.
The blast of rock fragments hits the wraith.
You destroy the wraith!
Vehumet accepts your kill.
You feel your power returning. The blast of rock fragments hits you!
* * * LOW HITPOINT WARNING * * *
You hear a shout!
The phantasmal warrior hits you!!
You die...

#.# #.# #.# #.#
##########.#######.##
..........W.§<.......
######.####.p#####.##
#. #.# #. #@# #. #W#
#. #.# #. #.# #. #.#
#.# ... ###


You could see a death knight, a phantasmal warrior and a freezing wraith.

Vanquished Creatures
  Erica (D:8)
  Maurice (D:8)
  Grinder (D:4)
  A wyvern (D:8)
  Eustachio (D:6)
  A wraith (D:10)
  2 hippogriffs (D:8)
  A water moccasin (D:5)
  A necrophage (D:5)
  2 sky beasts
  Purgy (Sewer)
  An ice beast (D:5)
  An eye of draining (D:8)
  A phantom (D:4)
  3 ogres
  4 centaurs
  4 giant frogs
  2 scorpions
  4 howler monkeys
  4 crimson imps
  A centaur zombie (D:8)
  A giant frog zombie (D:5)
  5 hounds
  2 orc priests (D:8)
  Crazy Yiuf (D:6)
  A gnoll shaman (D:6)
  A jelly (D:9)
  4 orc wizards
  2 centaur skeletons (D:6)
  A giant frog skeleton (D:4)
  An iguana (D:9)
  2 worker ants (D:4)
  2 hound skeletons
  A worker ant zombie (D:9)
  13 gnolls
  8 adders
  2 shadow imps
  2 adder zombies
  2 adder skeletons (D:6)
  3 worms
  2 dart slugs (D:3)
  4 giant geckos
  21 orcs
  2 ball pythons
  10 bats
  8 goblins
  6 hobgoblins
  3 jackals (D:2)
  14 kobolds
  6 quokkas
  A ball python zombie (D:6)
  2 giant gecko zombies
  4 giant newts
  A jackal skeleton (D:4)
  A jackal zombie (D:7)
  A quokka skeleton (D:4)
  11 rats
189 creatures vanquished.

Notes
Turn   | Place    | Note
-------+----------+-------------------------------------------
     0 | D:1      | Ooaix the Gargoyle Earth Elementalist began the quest for the Orb.
     0 | D:1      | Reached XP level 1. HP: 10/10 MP: 3/3
   362 | D:1      | Reached XP level 2. HP: 15/15 MP: 3/5
  1084 | D:2      | Reached XP level 3. HP: 19/19 MP: 5/7
  1119 | D:2      | Learned a level 3 spell: Stone Arrow
  1570 | D:2      | Reached XP level 4. HP: 24/24 MP: 8/8
  1983 | D:3      | Reached skill level 1 in Conjurations
  2366 | D:3      | Reached XP level 5. HP: 21/28 MP: 8/10
  2395 | D:3      | Learned a level 5 spell: Lee's Rapid Deconstruction
  2470 | D:3      | Noticed a sky beast
  2494 | D:3      | Killed a sky beast
  2494 | D:3      | Reached skill level 5 in Earth Magic
  2901 | D:3      | Found a burning altar of Makhleb.
  2997 | D:4      | Noticed a phantom
  3012 | D:4      | Reached XP level 6. HP: 30/32 MP: 12/12
  3051 | D:4      | Killed a phantom
  3124 | D:4      | Gained mutation: You can translocate small distances at will. [potion of beneficial mutation]
  3125 | D:4      | Gained mutation: You are agile. (Dex +2) [potion of beneficial mutation]
  3146 | D:4      | Found a staircase to the Ecumenical Temple.
  3149 | D:4      | Got a fine ring mail
  3155 | Temple   | Entered the Ecumenical Temple
  3210 | Temple   | Became a worshipper of Vehumet
  3386 | D:4      | Found a glowing drain.
  3402 | Sewer    | Entered a sewer
  3431 | Sewer    | Got a shimmering trident
  3432 | Sewer    | Identified the +5 trident of Lulev {elec, +Inv rElec rC- Int+5} (You found it in a sewer)
  3450 | Sewer    | Noticed Purgy
  3454 | Sewer    | Killed Purgy
  3454 | Sewer    | Reached XP level 7. HP: 32/36 MP: 12/14
  3836 | D:4      | Noticed Grinder
  3841 | D:4      | Killed Grinder
  3841 | D:4      | Reached skill level 5 in Spellcasting
  4187 | D:5      | Entered Level 5 of the Dungeon
  4350 | D:5      | Reached XP level 8. HP: 28/41 MP: 15/17
  4701 | D:5      | Reached * piety under Vehumet
  4701 | D:5      | Offered knowledge of Sting by Vehumet.
  4896 | D:5      | Reached skill level 5 in Conjurations
  5572 | D:6      | Reached skill level 1 in Fighting
  5572 | D:6      | Reached skill level 1 in Polearms
  5572 | D:6      | Reached skill level 1 in Armour
  5634 | D:6      | Reached XP level 9. HP: 47/47 MP: 9/19
  5785 | D:6      | Found an iron altar of Okawaru.
  5797 | D:6      | Got a dazzling trident
  5798 | D:6      | Identified the +10 trident of Trauma {pierce, Int+3} (You found it on level 6 of the Dungeon)
  5807 | D:6      | Found a blossoming altar of Fedhas.
  5827 | D:6      | Got a wavering golden amulet
  5923 | D:6      | Noticed Eustachio
  5929 | D:6      | Killed Eustachio
  6174 | D:6      | Found a runed door.
  6178 | D:6      | Noticed Crazy Yiuf
  6180 | D:6      | Killed Crazy Yiuf
  6310 | D:6      | Identified the +5 ring mail of Rucekk {Str+3} (You found it on level 4 of the Dungeon)
  6347 | D:7      | Offered knowledge of Searing Ray by Vehumet.
  6487 | D:7      | Gained mutation: Your movements are slightly less encumbered by armour. (ER -2) [potion of beneficial mutation]
  6572 | D:7      | Reached ** piety under Vehumet
  6730 | D:7      | Gained mutation: Your spells are a little harder to cast, but a little more powerful. [potion of beneficial mutation]
  6954 | D:8      | Noticed Maurice
  6974 | D:8      | Killed Maurice
  7522 | D:8      | Found Empey's Armour Emporium.
  7593 | D:8      | Reached XP level 10. HP: 56/56 MP: 9/22
  7679 | D:8      | Noticed Erica
  7686 | D:8      | Killed Erica
  7884 | D:8      | Offered knowledge of Mephitic Cloud by Vehumet.
  8360 | D:8      | Noticed an angel
  8361 | D:8      | Found a glowing silver altar of Zin.
  8439 | D:9      | Found a glowing golden altar of the Shining One.
  8512 | D:9      | Identified the amulet of Zipnurae {RegenMP rPois Str-2 SInv} (You found it on level 6 of the Dungeon)
  8598 | D:9      | Found a staircase to the Lair.
  8608 | D:9      | Found a stormy altar of Qazlal.
  8633 | D:9      | Found a deep blue altar of Sif Muna.
  8635 | D:9      | Found a sparkling altar of Nemelex Xobeh.
  8999 | D:10     | Entered Level 10 of the Dungeon
  9003 | D:10     | Noticed a phantasmal warrior
  9005 | D:10     | Noticed a death knight
  9018 | D:10     | Demolished by a phantasmal warrior

Vault maps used:
D:1:      tarquinn_simple_flora_water_c
D:2:      first_bread
D:3:      marbit_many_paths, st_stairs_12
D:4:      portal_sewer_entry_d, uniq_grinder
D:5:      serial_bayou_pond_e
D:6:      kennysheep_spiral_hall, fedhas_altar_3, okawaru_metal_pillars_3,
          uniq_eustachio, uniq_edmund, uniq_crazy_yiuf_cottage
D:8:      zin_angel, serial_shops, shop, uniq_maurice, uniq_erica
D:9:      nicolae_overflow_hidden_temple, lair_0_dummy, basic_altar
D:10:     uniq_nergalle
Temple:   zaba_magenta_temple
Sewer:    kennysheep_door_sewer

Skill      XL: |  1  2  3  4  5  6  7  8  9 10 |
---------------+-------------------------------+-----
Earth Magic    | 4 5 6 7 8 |  8.7
Spellcasting   | 3 4 6 7 8 |  8.7
Conjurations   | 1 2 3 4 5 6 |  6.6
Fighting       | 1 3 4 |  4.2
Polearms       | 1 2 3 |  3.4
Armour         | 1 3 |  3.8
Dodging        | 2 3 |  3.6
Stealth        | |  2.1
Transmutations | |  0.7

Action                   |  1- 3 |  4- 6 |  7- 9 | 10-12 || total
-------------------------+-------+-------+-------+-------++-------
Melee: Dagger            |    43 |    40 |       |       ||    83
       Short sword       |    18 |   106 |       |       ||   124
       Trident           |       |     4 |   256 |    77 ||   337
 Cast: Sandblast         |    26 |    11 |       |       ||    37
       Stone Arrow       |       |       |     9 |     3 ||    12
       Lee's Rapid Decon |       |       |       |     1 ||     1
 Abil: Blink             |       |     1 |       |       ||     1
  Use: Scroll            |     8 |     1 |     7 |     3 ||    19
       Potion            |       |     2 |     2 |       ||     4
 Stab: Sleeping          |     1 |     3 |     6 |       ||    10
  Eat: Chunk             |     2 |     7 |    13 |     4 ||    26
Armor: Robe              |    18 |    58 |    68 |       ||   144
       Ring mail         |       |       |    25 |    61 ||    86
Dodge: Dodged            |    42 |    88 |   106 |    64 ||   300
